 Dungeon Crawl Stone Soup version 0.28.0 (webtiles) character file.

Game seed: 7935735746463375970

588 ooooo the Sneak (level 7, -1/46 HPs)
             Began as an Octopode Conjurer on Feb 13, 2022.
             Slain by a hound (5 damage)
             ... on level 5 of the Dungeon.
             The game lasted 00:07:11 (5561 turns).

ooooo the Sneak (Octopode Conjurer)                 Turns: 5561, Time: 00:07:12

Health: -1/46      AC:  1    Str:  7    XL:     7   Next: 38%
Magic:  12/12      EV: 13    Int: 22    God:
Gold:   138        SH:  0    Dex: 10    Spells: 7/13 levels left

rFire   . . .      SeeInvis .   m - +3 dagger (protect)
rCold   . . .      Faith    .   (no shield)
rNeg    . . .      Spirit   .   (helmet restricted)
rPois   .          Reflect  .   (no amulet)
rElec   .          Harm     .   b - ring of wizardry
rCorr   .          Rampage  .   (no ring)
Will    .....                   (no ring)
Stlth   ++++......              (no ring)
HPRegen 0.15/turn               (no ring)
MPRegen 0.13/turn               (no ring)
                                (no ring)
                                (no ring)

@: no status effects
A: almost no armour, amphibious, 8 rings, camouflage 1, gelatinous body 1,
(nimble swimmer 1), tentacles
a: no special abilities


You were on level 5 of the Dungeon.
You visited 1 branch of the dungeon, and saw 5 of its levels.

You collected 138 gold pieces.

Inventory:

Hand Weapons
 j - a +1 trident of flaming
 m - a +3 dagger of protection (weapon)
Jewellery
 b - a ring of wizardry (left tentacle)
 n - a ring of flight
Wands
 k - a wand of digging (7)
Scrolls
 a - a scroll of teleportation
 c - 2 scrolls of magic mapping
 f - a scroll of torment
 g - a scroll of enchant weapon
 h - a scroll of enchant armour
Potions
 e - a potion of mutation {unknown}
 o - a potion of heal wounds {unknown}


   Skills:
 + Level 3.1 Fighting
 + Level 3.8 Dodging
 + Level 5.5 Stealth
 + Level 3.6 Spellcasting
 + Level 5.2 Conjurations


You had 7 spell levels left.
You knew the following spells:

 Your Spells              Type           Power      Damage    Failure   Level
b - Searing Ray           Conj           54%        2d6       1%          2
c - Fulminant Prism       Conj/Hex       7%         3d7       16%         4

Your spell library contained the following spells:

 Spells                   Type           Power      Damage    Failure   Level
 Magic Dart               Conj           100%       1d8       1%          1
 Apportation              Tloc           8%         N/A       4%          1
 Dazzling Flash           Conj/Hex       30%        N/A       4%          3
 Ensorcelled Hibernation  Hex/Ice        8%         N/A       7%          2
 Passwall                 Tmut/Erth      3%         N/A       7%          2
 Swiftness                Air            4%         N/A       14%         3
 Iskenderun's Mystic Bla  Conj/Tloc      15%        2d5       16%         4
 Alistair's Intoxication  Tmut/Pois      2%         N/A       75%         5


Dungeon Overview and Level Annotations

Branches:
Dungeon (5/15)
 Temple: D:4-7

Altars:
Uskayaw

Shops:
D:1 *   D:2 *


Innate Abilities, Weirdness & Mutations

You cannot wear most types of armour.
You are amphibious.
You can wear up to eight rings at the same time.
Your skin changes colour to match your surroundings (Stealth+).
Your rubbery body absorbs attacks. (AC +1, EV +1)
((You are camouflaged when in or above water. (Stealth+)))
You have tentacles for arms and can constrict up to eight enemies at once.


Message History

You are poisoned.
The adder poisons you!
You feel sick.
You feel sick. The hound bites you.
You feel sick.
You feel sick. The adder closely misses you.
The hound bites you but does no damage.
You feel sick.
Casting: Fulminant Prism (quite dangerous; 16% risk of failure)
Confirm with . or Enter, or press ? or * to list all spells.
Aiming: Searing Ray (safe; 1% risk of failure)
Press: ? - help, Shift-Dir - straight line, f - adder
Aim: an adder (66% to hit)
The searing ray misses the hound.
The searing ray hits the adder!
The adder is severely wounded. (Press . to maintain the ray.)
You feel sick. The hound closely misses you. The hound misses you.
The searing ray hits the hound.
The hound is lightly wounded.
The searing ray hits the adder.
You kill the adder!
You feel sick.
You are no longer poisoned.
The hound barely misses you.
The searing ray hits the hound!
The hound is heavily wounded.
The hound bites you.
* * * LOW HITPOINT WARNING * * *
The hound bites you.
* * * LOW HITPOINT WARNING * * *
Unknown command.
The searing ray misses the hound.
The searing ray hits something!
Reactivating autopickup.
You feel a bit more experienced.
You finish channelling your searing ray.
The hound bites you.
* * * LOW HITPOINT WARNING * * *
Okay, then.
It was a potion of magic.
Magic courses through your body. The hound bites you.
You die...

#..........##
#.......)...#
##..........##
#...........##
##.).........#
##..........#
#†..........#
#h#.........#
#@###.......#
####.####.....##
##.>...# ##..##
##......### ###
#..........#
#.<..........
#........####
##......##
##...###


You could see a hound.

Vanquished Creatures
  Sigmund (D:4)
  Blork the orc (D:4)
  A scorpion (D:4)
  An orc priest (D:5)
  A centaur skeleton (D:4)
  An iguana (D:4)
  2 orc wizards (D:5)
  A scorpion zombie (D:5)
  7 adders
  A white imp (D:5)
  An ufetubus (D:4)
  A worm (D:4)
  4 dart slugs
  2 orcs (D:5)
  8 ball pythons
  7 bats
  3 endoplasms
  3 giant cockroaches
  6 goblins
  2 hobgoblins
  8 kobolds
  5 quokkas
  5 frilled lizards
  A rat (D:2)
73 creatures vanquished.

Vanquished Creatures (others)
  5 fulminant prisms
5 creatures vanquished.

Grand Total: 78 creatures vanquished

Notes
Turn   | Place    | Note
-------+----------+-------------------------------------------
     0 | D:1      | ooooo the Octopode Conjurer began the quest for the Orb.
     0 | D:1      | Reached XP level 1. HP: 11/11 MP: 3/3
   100 | D:1      | Found Itefouth's General Store.
   139 | D:1      | Reached XP level 2. HP: 18/18 MP: 0/5
   655 | D:1      | Found a faded altar of an unknown god.
  1049 | D:1      | Reached XP level 3. HP: 10/22 MP: 4/6
  1475 | D:2      | Reached skill level 1 in Fighting
  1777 | D:1      | Learned a level 2 spell: Searing Ray
  1782 | D:2      | Found Fer Xedd's General Store.
  2690 | D:2      | Reached XP level 4. HP: 22/28 MP: 7/7
  3063 | D:2      | Learned a level 4 spell: Fulminant Prism
  4228 | D:4      | Noticed a scorpion
  4246 | D:4      | Killed a scorpion
  4247 | D:4      | Reached XP level 5. HP: 30/34 MP: 1/9
  4446 | D:4      | Noticed a +0 hand axe
  4447 | D:4      | Noticed a +0 dagger
  4483 | D:4      | Noticed Blork the orc
  4490 | D:4      | Killed Blork the orc
  4491 | D:4      | Reached XP level 6. HP: 35/41 MP: 10/10
  4689 | D:4      | Found a hide-covered altar of Uskayaw.
  4719 | D:4      | Noticed Sigmund
  4735 | D:4      | Killed Sigmund
  4736 | D:4      | Reached skill level 5 in Stealth
  4736 | D:4      | Reached skill level 5 in Conjurations
  4736 | D:4      | Reached XP level 7. HP: 40/45 MP: 1/12
  5444 | D:5      | Entered Level 5 of the Dungeon
  5561 | D:5      | Slain by a hound

Illustrated notes

Levels and vault maps discovered:
D:1:      scummos_arrival_forest, layout_basic, serial_shops, shop,
          shapermc_ecumenical_altar_rom_forum
D:2:      layout_basic, serial_shops, shop, chequers_jeans, minmay_hedge_maze,
          minmay_circled_x
D:3:      layout_rooms, serial_corexii_hall, chequers_hall_statues_wall_a,
          chequers_hall_statues_y
D:4:      layout_loops_corners, dancing_weapons_uskayaw, uniq_sigmund,
          uniq_blork_the_orc
D:5:      layout_cave_pods

Skill      XL: |  1  2  3  4  5  6  7 |
---------------+----------------------+-----
Stealth        | 3 4 5 |  5.5
Fighting       | 1 2 3 |  3.1
Dodging        | 3 |  3.8
Spellcasting   | 3 |  3.6
Conjurations   | 5 |  5.2

Action                   |  1- 3 |  4- 6 |  7- 9 || total
-------------------------+-------+-------+-------++-------
Melee: Unarmed           |    27 |       |       ||    27
       Tentacles         |    13 |    17 |     7 ||    37
       Constrict         |    16 |    17 |     6 ||    39
       Dagger            |    34 |    79 |    19 ||   132
       Punch             |     1 |     1 |       ||     2
 Cast: Magic Dart        |    30 |       |       ||    30
       Searing Ray       |       |     2 |     2 ||     4
       Fulminant Prism   |       |     2 |     3 ||     5
  Use: Scroll            |       |    10 |     2 ||    12
       Potion            |       |     2 |     1 ||     3
 Stab: Sleeping          |     6 |     9 |     1 ||    16
Armor: Skin              |     4 |     9 |     3 ||    16
Dodge: Dodged            |    43 |    72 |    19 ||   134
